 Dungeon Crawl Stone Soup version 0.17-a0-986-gf45d1aa (webtiles) character file.

157806 oplop the Eclecticist (level 17, -5/93 HPs)
             Began as a Spriggan Enchanter on May 11, 2015.
             Was the Champion of Vehumet.
             Killed from afar by a greater naga (30 damage)
             ... with an orb of energy
             ... on level 4 of the Snake Pit.
             The game lasted 02:27:54 (38497 turns).

oplop the Eclecticist (Spriggan Enchanter)         Turns: 38497, Time: 02:27:55

Health: -5/93      AC:  6    Str:  4    XL:     17   Next: 13%
Magic:  19/40      EV: 30    Int: 27    God:    Vehumet [******]
Gold:   3185       SH:  8    Dex: 17    Spells: 13 memorised, 7 levels left

rFire  + . .     SeeInvis +     c - +4 quick blade (flame)
rCold  . . .     Clarity  .     n - +2 robe {rF+}
rNeg   . . .     SustAb   .     y - +0 buckler
rPois  +         Gourm    .     (helmet restricted)
rElec  +         Spirit   .     E - +1 cloak {rPois}
rCorr  .         Warding  .     (gloves unavailable)
rMut   .         Stasis   .     (boots unavailable)
MR     ++...                    (no amulet)
Stlth  ++++++....               Q - ring "Utiecw" {Wiz +Blink rElec SInv}
                                S - +4 ring of intelligence

@: very quick, very resistant to hostile enchantments, very stealthy
A: unfitting armour, hooves 1, repulsion field 1, see invisible, herbivore 3,
speed 3, slow metabolism 2, spit poison 1
a: Spit Poison, Renounce Religion, Evoke Blink


You were on level 4 of the Snake Pit.
You worshipped Vehumet.
Vehumet was exalted by your worship.
You were hungry.

You visited 5 branches of the dungeon, and saw 32 of its levels.
You also visited: Labyrinth, Ossuary, Bailey and Ice Cave.

You collected 3337 gold pieces.
You spent 152 gold pieces at shops.

Inventory:

Hand weapons
 c - a +4 quick blade of flaming (weapon)
 U - a +5 quick blade
Missiles
 w - 7 tomahawks of dispersal (quivered)
Armour
 n - a +2 robe of fire resistance (worn)
 y - a +0 buckler (worn)
 E - a +1 cloak of poison resistance (worn)
Jewellery
 a - an uncursed ring of positive energy
 C - an uncursed amulet of resist mutation
 J - an uncursed ring of invisibility
 K - an uncursed ring of protection from magic
 P - an uncursed ring of protection from fire
 Q - the ring "Utiecw" (right hand) {Wiz +Blink rElec SInv}
   (You took it off a minotaur in a labyrinth)

   [ring of wizardry]

   It improves your spell success rate.
   It insulates you from electricity.
   It enhances your eyesight.
   It lets you blink.
 S - a +4 ring of intelligence (left hand)
Magical devices
 j - a wand of heal wounds (2)
 s - a wand of disintegration (4)
 t - a wand of lightning (4)
 v - a wand of draining (9)
 F - a wand of paralysis (14)
 L - a wand of enslavement (3)
 O - a wand of paralysis (4)
 V - a wand of draining (5)
 Z - a wand of teleportation (3)
Scrolls
 e - a scroll of blinking
 f - 11 scrolls of teleportation
 h - 11 scrolls of remove curse
 l - 5 scrolls of enchant weapon
 m - a scroll of identify
 o - 5 scrolls of fog
 p - 4 scrolls of amnesia
 q - 2 scrolls of recharging
 H - 7 scrolls of enchant armour
 W - a scroll of brand weapon
Potions
 g - 7 potions of heal wounds
 i - 3 potions of lignification
 r - 6 potions of magic
 u - 4 potions of might
 x - 5 potions of flight
 z - 8 potions of curing
 A - 5 potions of brilliance
 B - 3 potions of agility
 D - 2 potions of resistance
 G - 3 potions of cancellation
 I - 2 potions of poison
 M - 4 potions of haste
 N - 2 potions of cure mutation
 R - a potion of beneficial mutation {unknown}
 T - 2 potions of ambrosia
Books
 b - a book of Spatial Translocations

   Spells                             Type                      Level
   a - Apportation                    Translocation                1
   b - Blink                          Translocation                2
   c - Shroud of Golubria             Charms/Translocation         2
   d - Portal Projectile              Translocation                3
   e - Teleport Other                 Translocation                3
   f - Passage of Golubria            Translocation                4
Comestibles
 d - 13 bread rations
 k - 8 fruits


   Skills:
 + Level 12.0 Fighting
 - Level 10.0 Short Blades
 - Level 12.8 Dodging
 - Level 14.0 Stealth
 - Level 6.7 Shields
 + Level 18.1 Spellcasting
 - Level 12.0 Hexes
 - Level 7.5 Charms
 - Level 7.2 Translocations
 - Level 0.1 Ice Magic
 + Level 6.4 Air Magic
 - Level 9.1 Evocations


You had 7 spell levels left.
You knew the following spells:

 Your Spells              Type           Power        Failure   Level  Hunger
a - Corona                Hex            ######.      0%          1    None
b - Ensorcelled Hibernat  Hex/Ice        ######       1%          2    None
c - Confuse               Hex            ######..     1%          3    None
d - Tukima's Dance        Hex            ######..     1%          3    None
e - Dazzling Spray        Conj/Hex       ######..     1%          3    None
f - Repel Missiles        Chrm/Air       ######       1%          2    None
g - Phase Shift           Tloc           ######....   1%          5    None
h - Blink                 Tloc           N/A          1%          2    None
i - Apportation           Tloc           ######....   1%          1    None
j - Conjure Ball Lightni  Conj/Air       #####.....   16%         6    ##.....
k - Deflect Missiles      Chrm/Air       ######....   7%          6    ##.....
l - Orb of Destruction    Conj           ###.......   93%         7    #####..
m - Passage of Golubria   Tloc           N/A          1%          4    None


Dungeon Overview and Level Annotations

Branches:
Dungeon (15/15)            Temple (1/1) D:4            Lair (8/8) D:8
 Shoals (0/4) Lair:5        Snake (4/4) Lair:6        Slime (0/6) Lair:6
    Orc (4/4) D:12            Elf (0/3) Orc:4        Vaults (0/5) D:13
 Depths (0/5) D:15

Altars:
Ashenzari
Cheibriados
Dithmenos
Elyvilon
Fedhas
Gozag
Kikubaaqudgha
Makhleb
Nemelex Xobeh
Okawaru
Qazlal
Ru
Sif Muna
Trog
Vehumet
Xom
Yredelemnul
Zin
The Shining One
Beogh

Shops:
D:8 }   D:12 %*[([   D:14 ?   Orc:1 %   Orc:4 *(=[*

Portals:
Trove: D:11 (give +2 gold dragon armour)

Annotations:
D:2 Sigmund
D:6 exclusion: statue
D:14 exclusion: Roxanne, Roxanne


Innate Abilities, Weirdness & Mutations

You are tiny and cannot use many weapons and most armour.
You have supernaturally acute eyesight.
You are a herbivore.
You cover ground extremely quickly.
You need consume almost no food.
You have large cloven feet.
You are surrounded by a mild repulsion field (EV +2).
You can spit weak poison.


Message History

The greater naga closely misses you.
Your halberd hits the greater naga from afar!
Unknown command.
The greater naga spits poison at you. The splash of poison misses you.
Your halberd hits the greater naga from afar!
Casting: Dazzling Spray
Confirm with . or Enter, or press ? or * to list all spells.
Aiming: Dazzling Spray
Press: ? - help, Shift-Dir - straight line, f/p - greater naga
Aim: a greater naga, wearing a robe (heavily wounded, fast, catching its breath)
The spray of energy hits the greater naga.
The greater naga is severely wounded.
The naga mage spits poison at you. The splash of poison misses you.
The greater naga barely misses you. x2
Your halberd hits the greater naga but does no damage.
The greater naga casts a spell at you. The orb of energy hits you!
You die...

............####..))..#
.........N...####...[.###
..............####......##
......(........####......####
..........)...(..###........###
..................####........##
.........)....N....####........#
....................######.....##
##.............#@....#####......#
#............##.......##.......#
##...........####.......)........
#............# ##...............
#..........(## ##..............
############# ###....######## ###
#....# ..# ##....## ..# #......#


You could see a greater naga, a naga mage and a friendly halberd.

Vanquished Creatures
  A greater naga (Snake:4)
  An orc warlord (Bailey)
  The ghost of Githyanki the Severer, a powerful DDFi of Makhleb (D:15)
  A white draconian (IceCv)
  6 dire elephants
  3 vault guards (D:13)
  Snorg (D:11)
  A minotaur (Lab)
  Harold (Lair:3)
  7 anacondas
  9 naga warriors
  5 hydras
  A dancing weapon (Snake:3)
  A tengu warrior (D:15)
  An orc high priest (Orc:2)
  5 centaur warriors
  2 shock serpents
  A vampire mage (D:15)
  10 naga sharpshooters
  2 death yaks (IceCv)
  Nergalle (D:12)
  A fire crab (Lair:8)
  The ghost of RobertPalmer the Martial Artist, an experienced OpTm of Makhleb (D:10)
  A skeletal warrior (D:15)
  A small abomination (D:14)
  An unseen horror (D:14)
  3 sea snakes (Snake:3)
  A necromancer (D:15)
  An ice statue (IceCv)
  4 hill giants
  7 mana vipers
  3 naga ritualists
  A sphinx zombie (D:15)
  A wizard (D:15)
  2 manticores
  3 orc knights
  2 cyclopes
  The ghost of oplop the Covert, an experienced SpEn of Sif Muna (D:9)
  2 griffons (Lair:8)
  15 ugly things
  2 orc sorcerers (Orc:4)
  4 salamanders
  31 black mambas
  4 oklob plants (Lair:8)
  17 elephants
  A siren (Lair:5)
  3 guardian serpents
  A gargoyle (D:11)
  4 naga magi
  9 komodo dragons
  A kobold demonologist (D:15)
  10 spiny frogs
  A deep elf priest (D:14)
  3 fire drakes
  2 efreet
  A guardian mummy (D:15)
  6 trolls
  A freezing wraith (D:14)
  14 polar bears (IceCv)
  A tengu conjurer (D:15)
  18 blink frogs
  Prince Ribbit (D:5)
  5 ravens
  An ice dragon zombie (D:15)
  A vampire (D:14)
  4 shadows
  A fire dragon skeleton (D:15)
  5 wraiths
  5 hippogriffs
  A hog (shapeshifter) (D:13)
  5 deep elf magi
  2 wyverns
  83 yaks
  20 nagas
  A basilisk (Lair:7)
  32 wolves
  A hungry ghost (D:13)
  5 vampire mosquitoes
  2 deep elf fighters
  19 water moccasins
  4 wargs
  A soldier ant (D:13)
  The ghost of WhatIsLove the Conjurer, an average DECj of Ashenzari (D:4)
  12 porcupines
  A mottled dragon (D:15)
  The ghost of oplop the Sneak, an average SpEn (D:3)
  17 orc warriors
  A wasp (D:11)
  4 sky beasts
  2 ogres
  A black bear (D:9)
  16 ice beasts
  2 phantoms
  18 centaurs
  2 necrophages (D:9)
  5 big kobolds
  12 crocodiles
  2 elf zombies (D:9)
  A wyvern zombie (D:12)
  Blork the orc (Orc:4)
  A yaktaur zombie (D:15)
  16 giant frogs
  A brain worm (D:14)
  A wyvern skeleton (D:14)
  A water moccasin skeleton (D:9)
  11 scorpions
  2 wights
  A quasit (D:6)
  21 killer bees
  9 crimson imps
  6 centaur zombies
  15 jellies
  19 orc wizards
  Ijyb (D:2)
  7 hounds
  4 human zombies
  4 centaur skeletons
  21 orc priests
  Jessica (D:3)
  A human skeleton (D:9)
  A worker ant (shapeshifter) (D:14)
  11 iguanas
  7 worker ants
  6 sheep
  An ogre skeleton (D:9)
  A hound zombie (D:8)
  A hound skeleton (D:5)
  3 mummies (Ossuary)
  9 gnolls
  A worker ant zombie (D:7)
  53 river rats
  5 scorpion zombies (Ossuary)
  3 shadow imps
  9 adders
  2 oozes (Lair:6)
  3 worms
  3 giant geckos
  127 orcs
  A bat zombie (D:7)
  4 giant cockroaches
  29 hobgoblins
  5 jackals
  8 quokkas
  2 ball pythons
  17 bats
  A giant gecko skeleton (D:8)
  2 giant newts
  3 giant spores
  2 gnoll zombies (Ossuary)
  27 goblins
  2 goblin zombies (Ossuary)
  2 hobgoblin zombies (Ossuary)
  30 kobolds
  A kobold zombie (Ossuary)
  3 orc zombies
  A quokka zombie (D:6)
  12 rats
  2 ballistomycetes (D:8)
  2 fungi
  4 plants (Lair:8)
1093 creatures vanquished.

Vanquished Creatures (collateral kills)
  A greater naga (Snake:4)
  Maud (D:12)
  An orc warlord (Orc:4)
  5 vault guards (D:13)
  A naga warrior (Snake:4)
  Erica (Lair:2)
  2 naga sharpshooters
  2 shock serpents
  An orc high priest (Orc:4)
  A salamander mystic (Snake:4)
  4 orc knights
  A naga ritualist (Snake:4)
  A hill giant (D:15)
  6 salamanders
  A mana viper (Snake:1)
  4 black mambas
  An orc sorcerer (Orc:4)
  A centaur zombie (D:15)
  13 naga magi
  Psyche (D:8)
  A deep elf priest (D:14)
  A centaur simulacrum (D:14)
  23 nagas
  A warg (Orc:4)
  23 orc warriors
  5 ogres
  5 big kobolds
  3 wights (D:7)
  A jelly (D:13)
  Crazy Yiuf (D:7)
  An iguana (D:8)
  13 orc priests
  A hound (D:11)
  15 orc wizards
  17 gnolls
  An adder (D:11)
  72 orcs
  12 hobgoblins
  8 goblins
  8 kobolds
  A quokka (D:7)
  A crawling corpse (D:14)
263 creatures vanquished.

Vanquished Creatures (others)
  Louise (Snake:3)
  22 dancing weapons
  A yak (D:14)
  A centaur (D:14)
  A killer bee (D:11)
  A gnoll (Orc:4)
  A kobold (D:11)
  A ballistomycete (D:8)
  A bush (D:8)
  7 fungi
  6 plants
43 creatures vanquished.

Grand Total: 1399 creatures vanquished

Notes
Turn   | Place    | Note
--------------------------------------------------------------
     0 | D:1      | oplop the Spriggan Enchanter began the quest for the Orb.
     0 | D:1      | Reached XP level 1. HP: 9/9 MP: 5/5
   205 | D:1      | Reached XP level 2. HP: 8/13 MP: 4/6
   218 | D:1      | Learned a level 2 spell: Ensorcelled Hibernation
   735 | D:2      | Reached XP level 3. HP: 16/16 MP: 4/8
   973 | D:2      | Reached skill level 5 in Stealth
   993 | D:2      | Noticed Sigmund
  1146 | D:2      | Learned a level 3 spell: Confuse
  1208 | D:2      | Noticed Ijyb
  1338 | D:2      | Killed Ijyb
  1373 | D:2      | Reached XP level 4. HP: 18/21 MP: 8/10
  1476 | D:2      | Learned a level 3 spell: Tukima's Dance
  1914 | D:3      | Found a glowing golden altar of the Shining One.
  1929 | D:3      | Found a sacrificial altar of Ru.
  2010 | D:3      | Noticed oplop's ghost (average SpEn)
  2234 | D:3      | Killed oplop's ghost
  2234 | D:3      | Reached skill level 6 in Stealth
  2234 | D:3      | Reached skill level 5 in Hexes
  2234 | D:3      | Reached XP level 5. HP: 18/24 MP: 8/12
  2277 | D:3      | Noticed Jessica
  2288 | D:3      | Killed Jessica
  2498 | D:4      | Noticed WhatIsLove's ghost (average DECj)
  2511 | D:4      | Killed WhatIsLove's ghost
  2511 | D:4      | Reached skill level 7 in Stealth
  2511 | D:4      | Reached XP level 6. HP: 28/28 MP: 10/14
  2513 | D:4      | Reached skill level 5 in Spellcasting
  2771 | D:4      | Found a burning altar of Makhleb.
  2773 | D:4      | Found a staircase to the Ecumenical Temple.
  2847 | D:4      | Found a shattered altar of Ashenzari.
  2933 | D:4      | Reached XP level 7. HP: 18/32 MP: 14/16
  2962 | D:4      | Found a sparkling altar of Nemelex Xobeh.
  3232 | D:4      | Reached skill level 8 in Stealth
  3477 | D:5      | Entered Level 5 of the Dungeon
  3522 | D:5      | Found a glowing silver altar of Zin.
  3562 | D:5      | Noticed Prince Ribbit
  3569 | D:5      | Killed Prince Ribbit
  3569 | D:5      | Reached skill level 1 in Fighting
  4379 | D:5      | Reached XP level 8. HP: 37/37 MP: 13/18
  4923 | D:6      | Reached skill level 5 in Dodging
  5069 | D:6      | Found a radiant altar of Vehumet.
  6372 | D:7      | Reached XP level 9. HP: 42/44 MP: 14/21
  6649 | D:7      | Noticed Crazy Yiuf
  6661 | D:7      | Killed Crazy Yiuf
  7013 | D:8      | Found Pouq's Gadget Emporium.
  7107 | D:8      | Found an opulent altar of Gozag.
  7107 | D:8      | Found a shimmering altar of Xom.
  7135 | D:8      | Reached skill level 5 in Short Blades
  7304 | D:8      | Found a shadowy altar of Dithmenos.
  7426 | D:8      | Found a sand-covered staircase.
  7429 | D:8      | Found a staircase to the Lair.
  7435 | Ossuary  | Entered an ossuary
  7624 | Ossuary  | Reached skill level 9 in Hexes
  8038 | Temple   | Entered the Ecumenical Temple
  8395 | D:6      | Became a worshipper of Vehumet
  8743 | D:8      | Found an iron altar of Okawaru.
  8836 | D:8      | Noticed Psyche
  8845 | D:8      | Killed Psyche
  8869 | D:8      | Reached XP level 10. HP: 49/49 MP: 16/23
  9083 | D:9      | Reached skill level 10 in Stealth
  9118 | D:9      | Found an ancient bone altar of Kikubaaqudgha.
  9239 | D:9      | Acquired Vehumet's first power
  9239 | D:9      | Offered knowledge of Freeze by Vehumet.
  9413 | D:9      | Reached skill level 10 in Hexes
  9569 | D:9      | Noticed oplop's ghost (experienced SpEn)
  9578 | D:9      | Killed oplop's ghost
  9587 | D:9      | Found a basalt altar of Yredelemnul.
  9869 | D:10     | Entered Level 10 of the Dungeon
 10010 | D:10     | Noticed RobertPalmer's ghost (experienced OpTm)
 10023 | D:10     | Killed RobertPalmer's ghost
 10023 | D:10     | Reached skill level 5 in Fighting
 10104 | D:10     | Offered knowledge of Throw Frost by Vehumet.
 10239 | D:10     | Reached XP level 11. HP: 10/56 MP: 7/25
 10786 | D:10     | Reached skill level 5 in Evocations
 11014 | D:10     | Reached skill level 10 in Spellcasting
 11027 | D:10     | Learned a level 3 spell: Dazzling Spray
 11088 | D:10     | Offered knowledge of Conjure Flame by Vehumet.
 11088 | D:10     | Reached skill level 11 in Hexes
 11175 | D:11     | Noticed Snorg
 11183 | D:11     | Killed Snorg
 11203 | D:11     | Found a portal to a secret trove of treasure.
 11224 | D:11     | Acquired Vehumet's second power
 11437 | D:11     | Offered knowledge of Ignite Poison by Vehumet.
 11490 | D:11     | Noticed a hill giant
 11505 | D:11     | Killed a hill giant
 11531 | D:11     | Found a labyrinth entrance.
 11752 | Lab      | Entered a labyrinth
 12002 | Lab      | Noticed a minotaur
 12039 | Lab      | Killed a minotaur
 12041 | Lab      | Got a flickering glass ring
 12047 | Lab      | Identified the ring "Utiecw" {Wiz +Blink rElec SInv} (You took it off a minotaur in a labyrinth)
 12067 | Lab      | Identified the Compendium of Augmentations and the Traveller
 12071 | Lab      | Identified the Tome of Shifting Earth
 12081 | Lab      | Gained mutation: You have large cloven feet. [potion of mutation]
 12081 | Lab      | Gained mutation: You are surrounded by a mild repulsion field (EV +2). [potion of mutation]
 12081 | Lab      | Gained mutation: You can spit weak poison. [potion of mutation]
 12089 | D:11     | Learned a level 2 spell: Repel Missiles
 12095 | D:11     | Learned a level 5 spell: Phase Shift
 12262 | D:11     | Acquired Vehumet's third power
 12328 | D:11     | Reached XP level 12. HP: 55/62 MP: 20/27
 12443 | D:11     | Noticed a three-headed hydra
 12475 | D:11     | Killed a three-headed hydra
 12475 | D:11     | Offered knowledge of Airstrike by Vehumet.
 12574 | D:12     | Found Okuppeg's General Store.
 12577 | D:12     | Noticed Maud
 12598 | D:12     | Killed Maud
 12598 | D:12     | Reached skill level 12 in Hexes
 12628 | D:12     | Found a staircase to the Orcish Mines.
 12773 | D:12     | Found Epsu's Armour Boutique.
 12805 | D:12     | Found Usuokeon's Armour Emporium.
 12887 | D:12     | Found Xetsaoco's Antique Weapon Shoppe.
 12922 | D:12     | Bought a +0 buckler for 67 gold pieces
 12988 | D:12     | Learned a level 2 spell: Blink
 13017 | D:12     | Found a bloodstained altar of Trog.
 13098 | D:12     | Found Raufoos's Food Shop.
 13167 | D:12     | Noticed Nergalle
 13179 | D:12     | Killed Nergalle
 13179 | D:12     | Reached skill level 1 in Shields
 13618 | Lair:1   | Entered Level 1 of the Lair of Beasts
 13636 | Lair:1   | Found a frozen archway.
 13742 | IceCv    | Entered an ice cave
 13962 | IceCv    | Offered knowledge of Olgreb's Toxic Radiance by Vehumet.
 14212 | IceCv    | Reached skill level 5 in Shields
 14973 | IceCv    | Reached XP level 13. HP: 66/66 MP: 30/30
 15041 | IceCv    | Noticed a white draconian
 15139 | IceCv    | Killed a white draconian
 15154 | IceCv    | Reached skill level 13 in Spellcasting
 15604 | Lair:1   | Reached skill level 1 in Charms
 15606 | Lair:1   | Reached skill level 1 in Translocations
 16271 | Lair:2   | Offered knowledge of Bolt of Fire by Vehumet.
 16361 | Lair:2   | Noticed Erica
 16380 | Lair:2   | Killed Erica
 16513 | Lair:2   | Found a shimmering altar of Xom.
 17255 | Lair:3   | Noticed Harold
 17264 | Lair:3   | Killed Harold
 18084 | Lair:3   | Reached skill level 5 in Charms
 18590 | Lair:4   | Reached skill level 5 in Translocations
 18956 | Lair:5   | Offered knowledge of Bolt of Draining by Vehumet.
 19172 | Lair:5   | Found a staircase to the Shoals.
 19701 | Lair:5   | Noticed a dire elephant
 19895 | Lair:5   | Killed a dire elephant
 19902 | Lair:5   | Learned a level 1 spell: Apportation
 19984 | Lair:6   | Reached skill level 14 in Spellcasting
 19987 | Lair:6   | Found a staircase to the Slime Pits.
 20108 | Lair:6   | Reached XP level 14. HP: 43/72 MP: 22/33
 20952 | Lair:6   | Found a staircase to the Snake Pit.
 21749 | Lair:8   | Entered Level 8 of the Lair of Beasts
 21850 | Lair:8   | Offered knowledge of Poison Arrow by Vehumet.
 21858 | Lair:8   | Learned a level 6 spell: Poison Arrow
 23170 | Lair:8   | Reached skill level 15 in Spellcasting
 24079 | Lair:1   | Learned a level 6 spell: Deflect Missiles
 24199 | D:13     | Found a gate to the Vaults.
 24274 | D:13     | Reached skill level 10 in Short Blades
 24289 | D:13     | Reached XP level 15. HP: 17/79 MP: 11/35
 24294 | D:13     | Reached skill level 10 in Dodging
 25589 | D:14     | Found a basalt altar of Yredelemnul.
 25954 | D:14     | Found Vyatu's Magic Scroll Shop.
 25962 | D:14     | Bought a scroll of identify for 34 gold pieces
 25962 | D:14     | Bought a scroll of teleportation for 51 gold pieces
 26536 | D:14     | Reached skill level 16 in Spellcasting
 26605 | D:14     | Offered knowledge of Orb of Destruction by Vehumet.
 26636 | D:14     | Noticed Roxanne
 26762 | D:15     | Entered Level 15 of the Dungeon
 26762 | D:15     | Found a staircase to the Depths.
 26762 | D:15     | Noticed Githyanki's ghost (powerful DDFi)
 26767 | D:15     | Found a sacrificial altar of Ru.
 26877 | D:15     | Reached skill level 10 in Fighting
 27068 | D:15     | Learned a level 7 spell: Orb of Destruction
 27277 | D:15     | Killed Githyanki's ghost
 27824 | D:13     | Learned a level 4 spell: Passage of Golubria
 27940 | Orc:1    | Entered Level 1 of the Orcish Mines
 27949 | Orc:1    | Found Hegg's Food Shoppe.
 27978 | Orc:1    | Found a flagged portal.
 27998 | Orc:1    | Offered knowledge of Conjure Ball Lightning by Vehumet.
 28003 | Bailey   | Entered a bailey
 28382 | Bailey   | Identified a scroll of acquirement
 28769 | Orc:1    | Learned a level 6 spell: Conjure Ball Lightning
 29024 | Orc:2    | Offered knowledge of Spellforged Servitor by Vehumet.
 30162 | Orc:4    | Entered Level 4 of the Orcish Mines
 30162 | Orc:4    | Found Usaqoet's Assorted Antiques.
 30162 | Orc:4    | Found a staircase to the Elven Halls.
 30186 | Orc:4    | Offered knowledge of Lehudib's Crystal Spear by Vehumet.
 30186 | Orc:4    | Offered knowledge of Glaciate by Vehumet.
 30186 | Orc:4    | Offered knowledge of Chain Lightning by Vehumet.
 30958 | Orc:4    | Reached XP level 16. HP: 48/86 MP: 15/37
 30961 | Orc:4    | Found a roughly hewn altar of Beogh.
 31266 | Orc:4    | Found Voasock's Antique Weapon Boutique.
 31332 | Orc:4    | Noticed Blork the orc
 31346 | Orc:4    | Killed Blork the orc
 31534 | Orc:4    | Found Ukecwy Qoam's Antique Armour Boutique.
 31550 | Orc:4    | Found Fyuhirow's General Store.
 31721 | Orc:4    | Found Dang's Jewellery Boutique.
 32215 | Snake:1  | Entered Level 1 of the Snake Pit
 32427 | Snake:1  | Reached skill level 1 in Air Magic
 33721 | Snake:2  | Reached skill level 17 in Spellcasting
 35555 | Snake:3  | Noticed Louise
 35589 | Snake:3  | Killed Louise
 36418 | Snake:3  | Reached skill level 5 in Air Magic
 36569 | Snake:4  | Entered Level 4 of the Snake Pit
 37677 | Snake:4  | Reached skill level 18 in Spellcasting
 37677 | Snake:4  | Reached XP level 17. HP: 68/93 MP: 28/40
 38097 | Snake:4  | Found a sparkling altar of Nemelex Xobeh.
 38497 | Snake:4  | Killed from afar by a greater naga

Vault maps used:
D:1:      minmay_arrival_stone_box
D:2:      uniq_sigmund, uniq_iyjb
D:3:      grunt_temple_overflow_open, first_bread, uniq_jessica
D:4:      nemelex_altar_shiori, kennysheep_mini_moat, ashenzari_altar_1
D:5:      zin_statuary, uniq_prince_ribbit1
D:6:      vehumet_statue, minmay_unpleasant_kobolds
D:7:      uniq_crazy_yiuf_cottage
D:8:      gammafunk_temple_overflow_wave, nicolae_dithmenos_shadow_blocks,
          okawaru_trees_1, minmay_lair_entry_grove,
          nicolae_ossuary_entry_monument, serial_shops, shop,
          serial_park_tiny_1, uniq_psyche
D:9:      lemuel_mausoleum_altar_kikubaaqudgha, basic_altar
D:10:     serial_park_square1
D:11:     lab_entry_generic, enter_trove_1, hangedman_ranch, uniq_snorg
D:12:     hiddenorc2_lemuel, serial_shops, shop, shop, shop,
          nicolae_shop_temple_entry_statues_fountains, shop, basic_altar,
          serial_park_tiny_2, uniq_maud, uniq_nergalle
D:13:     erik_vaults_2
D:14:     basic_altar, serial_shops, shop, minmay_brainsmasher, uniq_roxanne
D:15:     gammafunk_depths_entry_grave, basic_altar, serial_park_square3
Temple:   minmay_temple_bridge_a_8
Lair:1:   portal_ice_cave_entry_ice_beasts
Lair:2:   basic_altar, infiniplex_staircase_pool, uniq_erica
Lair:3:   grunt_megastairs_2, uniq_harold
Lair:5:   minmay_shoals_entry_lonely_mermaid, beast_lair_carwin_8
Lair:6:   dummy_snake_entry, minmay_slime_entry_jelly_boxes, beast_lair_carwin_7
Lair:7:   lemuel_fruit_tree
Lair:8:   due_jungle_book, dpeg_oklob_1, infiniplex_staircase_pool_2
Snake:1:  spider_trap
Snake:2:  grunt_ministairs_5
Snake:3:  basic_stair_grate_trap, serial_bayou_shore_a, uniq_louise
Snake:4:  minmay_snake_end_coiled, basic_altar, basic_stair_grate_trap
Orc:1:    enter_bailey_2, serial_shops, shop
Orc:3:    nicolae_orc_pool_cavern
Orc:4:    grunt_orc_cross, serial_shops, shop, sword_in_stone
Lab:      nicolae_lab_dead_adventurers, nicolae_lab_checkerboard,
          nicolae_lab_stuck, nicolae_lab_blocks, nicolae_lab_t_cross,
          nicolae_lab_diamond, nicolae_lab_big_swirl, nicolae_lab_x,
          nicolae_lab_garden, lab_hedge
Ossuary:  ossuary_minmay_scorpions
Bailey:   bailey_axe_minmay_hex_keep, bailey
IceCv:    ice_cave_caverns_01

Action                   |  1- 3 |  4- 6 |  7- 9 | 10-12 | 13-15 | 16-18 || total
-------------------------+-------+-------+-------+-------+-------+-------++-------
Melee: Dagger            |   116 |   138 |   488 |   741 |   799 |       ||  2282
       Quick blade       |       |       |       |       |  1147 |   942 ||  2089
 Cast: Corona            |     3 |       |     2 |     1 |       |     1 ||     7
       Ensorcelled Hiber |    12 |    16 |    39 |    46 |    85 |    33 ||   231
       Confuse           |     3 |     7 |    49 |    90 |   118 |    64 ||   331
       Tukima's Dance    |       |     5 |    26 |    31 |   112 |   114 ||   288
       Dazzling Spray    |       |       |       |    31 |   157 |    93 ||   281
       Repel Missiles    |       |       |       |     1 |     1 |     1 ||     3
       Phase Shift       |       |       |       |       |    23 |    12 ||    35
       Blink             |       |       |       |       |     4 |     1 ||     5
       Deflect Missiles  |       |       |       |       |       |     2 ||     2
 Abil: Evoke Invisibilit |       |       |       |     1 |       |     1 ||     2
Evoke: Wand              |       |       |       |    22 |    10 |     4 ||    36
  Use: Scroll            |       |       |     8 |    20 |    14 |     2 ||    44
       Potion            |       |       |       |     2 |     2 |     2 ||     6
 Stab: Sleeping          |    10 |    18 |    39 |    66 |   120 |    24 ||   277
       Distracted        |     1 |       |     1 |     3 |     7 |    14 ||    26
       Confused          |     2 |     5 |    23 |    64 |    98 |    30 ||   222
       Invisible         |       |       |       |    20 |   115 |    39 ||   174
       Paralysed         |       |       |       |       |     1 |       ||     1
       Betrayed ally     |       |       |       |       |       |     1 ||     1
  Eat: Bread ration      |       |     1 |       |     1 |       |       ||     2
       Fruit             |       |       |     3 |     2 |     7 |     6 ||    18
       Pizza             |       |       |       |     4 |     2 |     1 ||     7
       Royal jelly       |       |       |       |       |     1 |       ||     1
